 Dungeon Crawl Stone Soup version 0.28-a0-794-gafe8c5f9e9 (webtiles) character file.

Game seed: 8608958292953879636

23 cheechan the Ducker (level 3, -1/26 HPs)
             Began as an Octopode Fighter on Nov 5, 2021.
             Slain by Natasha (8 damage)
             ... on level 2 of the Dungeon.
             The game lasted 00:03:53 (821 turns).

cheechan the Ducker (Octopode Fighter)               Turns: 821, Time: 00:03:53

Health: -1/26      AC:  1    Str: 16    XL:     3   Next: 0%
Magic:  3/3        EV: 13    Int: 10    God:
Gold:   30         SH:  4    Dex: 11    Spells: 2/2 levels left

rFire   . . .      SeeInvis .   a - +0 war axe
rCold   . . .      Faith    .   b - +0 buckler
rNeg    . . .      Spirit   .   (helmet restricted)
rPois   .          Reflect  .   (no amulet)
rElec   .          Harm     .   d - +4 ring of slaying
rCorr   .          Rampage  .   (no ring)
Will    .....                   (no ring)
Stlth   ++........              (no ring)
HPRegen 0.08/turn               (no ring)
MPRegen 0.08/turn               (no ring)
                                (no ring)
                                (no ring)

@: no status effects
A: almost no armour, amphibious, 8 rings, camouflage 1, gelatinous body 1,
(nimble swimmer 1), tentacles
a: no special abilities


You were on level 2 of the Dungeon.
You visited 1 branch of the dungeon, and saw 2 of its levels.

You collected 30 gold pieces.

Inventory:

Hand Weapons
 a - a +0 war axe (weapon)
Missiles
 e - 16 poisoned darts (quivered)
 f - 13 bolts
 h - 36 arrows
Armour
 b - a +0 buckler (worn)
Jewellery
 d - a +4 ring of slaying (left tentacle)
Scrolls
 g - a scroll of silence
Potions
 c - a potion of might
 i - a potion of heal wounds


   Skills:
 + Level 3.2 Fighting
 + Level 2.3 Axes
 + Level 3.3 Dodging
 + Level 0.1 Stealth
 + Level 3.2 Shields


You had 2 spell levels left.
You didn't know any spells.
Your spell library contained the following spells:

 Spells                   Type           Power      Damage    Failure   Level
 Animate Skeleton         Necr           0%         N/A       38%         1
 Pain                     Necr           0%         1d4       38%         1
 Vampiric Draining        Necr           0%         2d6       77%         3


Dungeon Overview and Level Annotations

Branches:
Dungeon (2/15)

Altars:

Annotations:
D:2 Natasha


Innate Abilities, Weirdness & Mutations

You cannot wear most types of armour.
You are amphibious.
You can wear up to eight rings at the same time.
Your skin changes colour to match your surroundings (Stealth+).
Your rubbery body absorbs attacks. (AC +1, EV +1)
((You are camouflaged near water. (Stealth+)))
You have tentacles for arms and can constrict up to eight enemies at once.


Message History

Your squeeze misses the bat. The bat closely misses you.
You block the bat's attack. The bat barely misses you.
You closely miss the bat. Your grab misses the bat. The bat misses you.
The bat hits you. x2
You barely miss the bat. Your grab misses the bat. Your squeeze misses the bat.
The bat barely misses you.
You completely miss the bat. Your grab misses the bat.
The bat hits you but does no damage.
You closely miss the bat. You grab the bat. You squeeze the bat.
You kill the bat!
h - 36 arrows (gained 16)
Found 14 gold pieces.
You now have 30 gold pieces (gained 14).
Found 24 bolts.
Natasha, Servant of Life and Death comes into view.
She is carrying a wand of flame (14).
Natasha hisses angrily.
Natasha stares at you and mumbles some strange words.
The magic dart hits you!
A quokka comes into view.
Found 16 sling bullets.
Natasha mumbles some strange words.
You slash the crimson imp!
You kill the crimson imp!
The crimson imp disappears in a puff of smoke!
Natasha wildly gestures.
Natasha's front paws start to glow.
Natasha stares at you and mumbles some strange words.
The magic dart hits you!
* * * LOW HITPOINT WARNING * * *
You hit the quokka.
You kill the quokka!
You have reached level 3!
Your experience leads to an increase in your attributes!
Increase (S)trength, (I)ntelligence, or (D)exterity?
You feel stronger.
You hit Natasha. You grab Natasha.
Natasha is moderately wounded.
You constrict Natasha. Natasha barely misses you. Natasha claws you!
You die...

##.# #.####.#
#.# .. #.#
#.#####.# .#
#.......#.
#.........#
#.#######.....
#.# .#### #.#
# #.# #@# #h#
#.....ยง.#
#.......#
#......(#
....(...#
........#
.#+####.# #.#


You could see Natasha.

Vanquished Creatures
  2 endoplasms (D:1)
  2 giant cockroaches
  6 hobgoblins
  2 kobolds (D:1)
  2 quokkas
  3 ball pythons (D:1)
  A bat (D:2)
  A rat (D:1)
19 creatures vanquished.

Notes
Turn   | Place    | Note
-------+----------+-------------------------------------------
     0 | D:1      | cheechan the Octopode Fighter began the quest for the Orb.
     0 | D:1      | Reached XP level 1. HP: 16/16 MP: 1/1
   202 | D:1      | Upgraded the game from 0.28-a0-793-g31680bbd8b to
                  | 0.28-a0-794-gafe8c5f9e9
   217 | D:1      | Reached XP level 2. HP: 19/21 MP: 2/2
   814 | D:2      | Noticed Natasha
   817 | D:2      | Noticed a crimson imp
   821 | D:2      | Reached XP level 3. HP: 6/26 MP: 3/3
   821 | D:2      | Slain by Natasha

Illustrated notes

Levels and vault maps discovered:
D:1:      amcnicky_arrival_wind_blow, layout_basic, minmay_splitting_lines
D:2:      layout_basic, dilly_ecumenical_altar_fadedgnrine, kennysheep_doodads,
          uniq_natasha

Action                   || total
-------------------------++-------
Melee: War axe           ||    33
       Tentacles         ||     6
       Constrict         ||     7
  Use: Scroll            ||     5
 Stab: Sleeping          ||     3
Armor: Skin              ||     2
Dodge: Dodged            ||    21
Block: Buckler           ||    10

Table legend: (Time is in decaauts)
 A = Elapsed time spent in this place.
 B = Non-inter-level travel time spent in this place.
 C = Inter-level travel time spent in this place.
 D = Time resting spent in this place.
 E = Time spent auto-exploring this place.
 F = Levels seen in this place.
 G = Mean time per level.
                   A        B        C        D        E       F      G
               +--------+--------+--------+--------+--------+-----+--------+
         Total |    833 |    833 |      0 |      0 |      0 |   2 |  416.5 |
       Dungeon |    833 |    833 |      0 |      0 |      0 |   2 |  416.5 |
               +--------+--------+--------+--------+--------+-----+--------+

Top non-repeatable levels by time:
     D:1: 743 daAuts
     D:2: 89 daAuts
